 Dungeon Crawl Stone Soup version 0.16-a0-3939-g9a3e665 (webtiles) character file.

48 Charly the Charmwright (level 3, -2/24 HPs)
             Began as a High Elf Skald on Feb 6, 2015.
             Slain by a kobold
             ... wielding a +0 dagger
              (4 damage)
             ... on level 3 of the Dungeon.
             The game lasted 00:07:32 (710 turns).

Charly the Charmwright (High Elf Skald)              Turns: 710, Time: 00:07:33

Health: -2/24      AC:  4    Str: 11    XL:     3   Next: 50%
Magic:  7/9        EV: 16    Int: 16    God:
Gold:   129        SH:  0    Dex: 20    Spells: 4 memorised, 0 levels left

rFire  . . .     SeeInvis .     a - +0 falchion
rCold  . . .     Clarity  .     b - +0 leather armour
rNeg   . . .     SustAb   .     (no shield)
rPois  .         Gourm    .     (no helmet)
rElec  .         Spirit   .     (no cloak)
rCorr  .         Warding  .     (no gloves)
rMut   +         Stasis   .     f - +0 pair of boots
MR     .....                    j - amulet of resist mutation
Stlth  +++.......               (no ring)
                                (no ring)

@: agile, very slightly contaminated, hasted, very quick, not resistant to
hostile enchantments, fairly stealthy
A: no striking features
a: no special abilities


You were on level 3 of the Dungeon.
You were not hungry.

You visited 1 branch of the dungeon, and saw 3 of its levels.

You collected 129 gold pieces.

Inventory:

Hand weapons
 a - a +0 falchion (weapon)
Missiles
 g - 9 poisoned needles
Armour
 b - a +0 leather armour (worn)
 f - a +0 pair of boots (worn)
Jewellery
 j - an amulet of resist mutation (around neck)
Scrolls
 h - a scroll of identify {unknown}
 k - a scroll of fear {unknown}
 l - a scroll of amnesia {unknown}
Books
 c - a book of Battle

   Spells                             Type                      Level
   a - Infusion                       Charms                       1
   b - Shroud of Golubria             Charms/Translocation         2
   c - Song of Slaying                Charms                       2
   d - Spectral Weapon                Hexes/Charms                 3
   e - Regeneration                   Charms/Necromancy            3
Comestibles
 d - 2 bread rations


   Skills:
 - Level 2.0 Fighting
 + Level 3.4 Long Blades
 - Level 0.8 Armour
 - Level 1.1 Dodging
 + Level 3.1 Spellcasting
 + Level 4.3 Charms


You couldn't memorise any spells.
You knew the following spells:

 Your Spells              Type           Power        Failure   Level  Hunger
g - Shroud of Golubria    Chrm/Tloc      #.........   17%         2    ##.....
i - Infusion              Chrm           ###...       4%          1    #......
r - Regeneration          Chrm/Necr      #.........   34%         3    ###....
s - Song of Slaying       Chrm           ###.....     8%          2    ##.....


Dungeon Overview and Level Annotations

Branches:
Dungeon (3/15)

Altars:

Annotations:
D:2 Sigmund


Message History

Your song has ended.
The quokka barely misses you.
You are very lightly contaminated with residual magic.
You hit the quokka.
The quokka is severely wounded.
The quokka barely misses you.
Your leather armour prevents you from hitting the quokka.
The quokka is severely wounded.
You feel sick.
You are no longer poisoned.
The quokka misses you. The orc completely misses you.
You hit the quokka.
You kill the quokka!
The orc barely misses you.
You barely miss the kobold. The orc completely misses you.
You barely miss the kobold.
The kobold unwields an uncursed blowgun.
The kobold wields an uncursed dagger.
The kobold hits you with an uncursed dagger.
You die...

#(#....>........
#..##.###..##..
##.......... .
#........#...
#.......###.
###.....##
#.(.##### #K#.#
#@#.# #)o.......
....[..##
.......##
#.#.....#
###.....#
#...... ......
.##


You could see an orc and a kobold.

Vanquished Creatures
  2 adders (D:2)
  3 giant cockroaches
  A goblin (D:1)
  8 hobgoblins
  4 kobolds (D:1)
  A quokka (D:3)
  2 bats
  A giant gecko (D:2)
  A giant newt (D:2)
  5 rats
28 creatures vanquished.

Notes
Turn   | Place    | Note
--------------------------------------------------------------
     0 | D:1      | Charly, the High Elf Skald, began the quest for the Orb.
     0 | D:1      | Reached XP level 1. HP: 14/14 MP: 4/4
   211 | D:1      | Reached XP level 2. HP: 16/19 MP: 3/6
   222 | D:1      | Learned a level 2 spell: Song of Slaying
   227 | D:1      | Learned a level 2 spell: Shroud of Golubria
   339 | D:2      | Reached skill level 4 in Charms
   494 | D:2      | Reached XP level 3. HP: 20/24 MP: 5/8
   572 | D:2      | Learned a level 3 spell: Regeneration
   596 | D:2      | Noticed Sigmund
   710 | D:3      | Slain by a kobold

Action                   || total
-------------------------++-------
Melee: Falchion          ||    94
 Cast: Infusion          ||     9
       Regeneration      ||     1
       Shroud of Golubri ||     1
       Song of Slaying   ||     1
  Use: Potion            ||     2
       Scroll            ||     1
 Stab: Distracted        ||     1
